 Dungeon Crawl Stone Soup version 0.17.1-3-g152610e (webtiles) character file.

21 Metrazal the Sneak (level 2, -3/14 HPs)
             Began as a Spriggan Assassin on Mar 6, 2016.
             Slain by an adder (4 damage)
             ... on level 2 of the Dungeon.
             The game lasted 00:04:12 (472 turns).

Metrazal the Sneak (Spriggan Assassin)               Turns: 472, Time: 00:04:12

Health: -3/14      AC:  3    Str:  7    XL:     2   Next: 65%
Magic:  3/3        EV: 17    Int: 12    God:
Gold:   72         SH:  0    Dex: 17    Spells: 0 memorised, 1 level left

rFire  . . .     SeeInvis +     a - +2 dagger
rCold  . . .     Clarity  .     c - +0 robe
rNeg   + . .     SustAt   .     (shield restricted)
rPois  .         Gourm    .     (helmet restricted)
rElec  .         Spirit   .     d - +0 cloak
rCorr  .         Warding  +     (gloves unavailable)
rMut   .         Stasis   .     (boots unavailable)
MR     .....                    o - amulet of warding
Stlth  ++++......               (no ring)
                                (no ring)

@: lethally poisoned (-3 -> -15), very quick, not resistant to hostile
enchantments, stealthy
A: unfitting armour, see invisible, herbivore 3, speed 3, slow metabolism 2
a: no special abilities


You were on level 2 of the Dungeon.
You were not hungry.

You visited 1 branch of the dungeon, and saw 2 of its levels.

You collected 72 gold pieces.

Inventory:

Hand Weapons
 a - a +2 dagger (weapon)
 b - a +0 blowgun
 q - a cursed -3 hunting sling
Missiles
 e - 8 poisoned needles
 f - 2 curare-tipped needles
 k - 41 arrows
 m - 21 stones (quivered)
Armour
 c - a +0 robe (worn)
 d - a +0 cloak (worn)
Jewellery
 o - an amulet of warding (around neck)
Scrolls
 h - 2 scrolls of identify {unknown}
 l - a scroll of teleportation {unknown}
 n - a scroll of amnesia {unknown}
 p - a scroll of noise {unknown}
Potions
 i - a potion of curing
Comestibles
 g - a bread ration
 j - a slice of pizza


   Skills:
 - Level 1.5 Fighting
 + Level 2.5 Short Blades
 + Level 0.8(1.7) Slings
 - Level 2.0 Throwing
 + Level 2.4 Dodging
 + Level 6.4 Stealth


You had one spell level left.
You didn't know any spells.

Dungeon Overview and Level Annotations

Branches:
Dungeon (2/15)

Altars:
Dithmenos

Annotations:
D:2 Robin


Innate Abilities, Weirdness & Mutations

You are tiny and cannot use many weapons and most armour.
You have supernaturally acute eyesight.
You are a herbivore.
You cover ground extremely quickly.
You need consume almost no food.


Message History

The adder bites you.
You are poisoned.
The adder poisons you!
You barely miss the adder.
You feel sick. The adder closely misses you.
You hit the adder.
The adder is severely wounded.
The adder bites you.
You are lethally poisoned!
The adder poisons you!
You barely miss the adder.
The adder is severely wounded.
You feel sick. The adder closely misses you. The hobgoblin misses you.
You barely miss the adder.
The adder is severely wounded.
You feel sick. The adder barely misses you. The hobgoblin hits you.
* * * LOW HITPOINT WARNING * * *
You hit the adder.
The adder is severely wounded.
The adder bites you but does no damage. The adder bites you.
You die...

..# ####.# .$
#....## ... #...%.#
#..##.....#
#.........#
#..##...†.#
#...gSg..#
#..###@..######
gg.#.###.........
g. +.......#(#### g
##.###..#.# #..
#.)#.# #. #..#.#
#.##.^#.####... ##
#..#..#<.......
.#...#.#......#####


You could see an adder and 2 hobgoblins.

Vanquished Creatures
  An adder (D:2)
  2 bats (D:1)
  3 hobgoblins
  2 giant newts (D:1)
  3 kobolds
  2 rats
13 creatures vanquished.

Notes
Turn   | Place    | Note
--------------------------------------------------------------
     0 | D:1      | Metrazal the Spriggan Assassin began the quest for the Orb.
     0 | D:1      | Reached XP level 1. HP: 10/10 MP: 2/2
     0 | D:1      | Noticed a draconian skeleton
     0 | D:1      | Noticed a spriggan skeleton
     2 | D:1      | Noticed a draconian skeleton
     7 | D:1      | Noticed a draconian skeleton
     9 | D:1      | Noticed a troll skeleton
    11 | D:1      | Noticed a human skeleton
    13 | D:1      | Noticed a minotaur skeleton
    13 | D:1      | Noticed an elf skeleton
    15 | D:1      | Noticed a centaur skeleton
    15 | D:1      | Noticed an elf skeleton
    97 | D:1      | Reached skill level 6 in Stealth
   342 | D:1      | Reached XP level 2. HP: 14/14 MP: 3/3
   424 | D:2      | Found a shadowy altar of Dithmenos.
   456 | D:2      | Noticed Robin
   472 | D:2      | Slain by an adder

Action                   || total
-------------------------++-------
Melee: Dagger            ||    47
  Use: Potion            ||     1
 Stab: Sleeping          ||     4
